 Dungeon Crawl Stone Soup version 0.18.1-6-gd335043 (webtiles) character file.

65 Gargoyl the Skirmisher (level 3, -2/30 HPs)
             Began as a Demonspawn Abyssal Knight on May 16, 2016.
             Was a Believer of Lugonu.
             Slain by Sigmund
             ... wielding a +0 scythe
              (3 damage)
             ... on level 2 of the Dungeon on May 17, 2016.
             The game lasted 00:04:50 (1712 turns).

Gargoyl the Skirmisher (Demonspawn Abyssal Knight)  Turns: 1712, Time: 00:04:51

Health: -2/30      AC:  9    Str: 12 (13) XL:     3   Next: 94%
Magic:  5/5        EV:  5    Int: 10 (13) God:    Lugonu [**....]
Gold:   27         SH:  0    Dex: 10 (12) Spells: 0 memorised, 2 levels left

rFire  . . .     SeeInvis .     a - +1 hand axe
rCold  . . .     Gourm    .     m - +0 chain mail
rNeg   . . .     Faith    .     (no shield)
rPois  .         Spirit   .     (no helmet)
rElec  .         Dismiss  .     (no cloak)
rCorr  .         Reflect  .     (no gloves)
SustAt .         Harm     .     (no boots)
MR     .....                    (no amulet)
Stlth  ..........               (no ring)
                                (no ring)

@: confused, not resistant to hostile enchantments, extremely unstealthy
A: molten scales 1, nightstalker 1
a: Depart the Abyss, Bend Space, Renounce Religion


You were on level 2 of the Dungeon.
You worshipped Lugonu.
Lugonu was pleased with you.
You were hungry.

You visited 1 branch of the dungeon, and saw 2 of its levels.
You visited the Abyss 1 time.

You collected 27 gold pieces.

Inventory:

Hand Weapons
 a - a +1 hand axe (weapon)
Armour
 j - a +0 scale mail
 m - a +0 chain mail (worn)
Scrolls
 b - a scroll of fear {unknown}
 d - a scroll of recharging {unknown}
 i - a scroll of immolation {unknown}
 l - 3 scrolls of enchant armour {unknown}
 n - a scroll of teleportation {unknown}
 o - a scroll of identify {unknown}
Potions
 f - a potion of heal wounds {unknown}
 g - a potion of haste {unknown}
 h - a potion of cancellation {unknown}
 k - a potion of curing {unknown}
Comestibles
 c - 3 bread rations


   Skills:
 + Level 3.9 Fighting
 + Level 2.0 Axes
 * Level 2.2 Armour
 + Level 1.2 Dodging
 + Level 1.0 Stealth
 + Level 2.8 Invocations


You had 2 spell levels left.
You didn't know any spells.

Dungeon Overview and Level Annotations

Branches:
Dungeon (2/15)

Altars:

Annotations:
D:2 Natasha, Sigmund


Innate Abilities, Weirdness & Mutations

You are partially covered in molten scales (AC +1).
You are slightly more attuned to the shadows.


Message History

You miss the hobgoblin. You barely miss the goblin.
The goblin is severely wounded.
You closely miss the goblin.
The goblin is severely wounded.
The bat hits you but does no damage. Natasha barely misses you.
The hobgoblin hits you. The goblin hits you but does no damage.
The goblin barely misses you.
Sigmund hits you from afar with a scythe.
* * * LOW HITPOINT WARNING * * *
Natasha claws you.
* * * LOW HITPOINT WARNING * * *
Drink which item? (? for menu, Esc to quit)
It was a potion of degeneration.
There was something very wrong with that liquid.
You feel weakened.
You feel dopey.
You feel clumsy. The bat barely misses you.
The hobgoblin hits you but does no damage.
The goblin hits you but does no damage. x2
Sigmund hits you from afar with a scythe.
You die...

... ....
....#######
.........#
#.......#
+..@....+
#..gb...#
#.rg@...#
#..gh...#
#.......#
.......###
........#
........#
#.......#


You could see Sigmund, Natasha, a hobgoblin, 2 goblins, a bat and a rat.

Vanquished Creatures
  Natasha (D:2)
  An adder (D:2)
  2 giant geckos (D:1)
  3 giant cockroaches
  4 goblins
  2 hobgoblins
  7 kobolds
  2 bats (D:2)
  2 giant newts (D:1)
  5 rats (D:1)
29 creatures vanquished.

Notes
Turn   | Place    | Note
--------------------------------------------------------------
     0 | Abyss:1  | Gargoyl the Demonspawn Abyssal Knight began the quest for the Orb.
     0 | Abyss:1  | Reached XP level 1. HP: 18/18 MP: 2/2
   120 | Abyss:4  | Found a corrupted altar of Lugonu.
   139 | Abyss:5  | Entered Level 5 of the Abyss
   139 | Abyss:5  | Found a corrupted altar of Lugonu.
   156 | Abyss:5  | Noticed a water elemental
   161 | Abyss:5  | Noticed a thrashing horror
   161 | Abyss:5  | Noticed a thrashing horror
   163 | D:1      | Escaped the Abyss
   285 | D:1      | Reached * piety under Lugonu
   285 | D:1      | Reached skill level 1 in Dodging
   404 | D:1      | Gained mutation: You are slightly more attuned to the shadows. [demonic ancestry]
   404 | D:1      | Reached XP level 2. HP: 24/24 MP: 3/3
  1421 | D:2      | Noticed Natasha
  1431 | D:2      | Killed Natasha
  1431 | D:2      | Gained mutation: You are partially covered in molten scales (AC +1). [demonic ancestry]
  1431 | D:2      | Reached XP level 3. HP: 11/30 MP: 3/5
  1474 | D:2      | Reached ** piety under Lugonu
  1474 | D:2      | Reached skill level 1 in Stealth
  1701 | D:2      | Noticed Natasha
  1702 | D:2      | Noticed Sigmund
  1711 | D:2      | HP: 1/30 [Natasha (6)]
  1712 | D:2      | Slain by Sigmund

Skill      XL: |  1  2  3 |
---------------+----------+-----
Dodging        | 1 |  1.2
Armour         | 2 |  2.2
Axes           | 2 |  2.0
Stealth        | 1 |  1.0
Fighting       | |  3.9
Invocations    | |  2.8

Action                   || total
-------------------------++-------
Melee: Hand axe          ||    97
Invok: Depart the Abyss  ||     1
  Use: Potion            ||     1
 Stab: Sleeping          ||     1
  Eat: Chunk             ||     2
Armor: Leather armour    ||     4
       Scale mail        ||    10
       Chain mail        ||    45
       Ring mail         ||     2
Dodge: Dodged            ||    64
